 Dungeon Crawl Stone Soup version 0.19.5 (webtiles) character file.

130 Neder the Chopper (level 4, -1/35 HPs)
             Began as a Demonspawn Berserker on Apr 15, 2017.
             Was a Believer of Trog.
             Slain by an orc
             ... wielding a +0 flail
              (6 damage)
             ... on level 3 of the Dungeon.
             The game lasted 00:02:51 (3171 turns).

Neder the Chopper (Demonspawn Berserker)            Turns: 3171, Time: 00:02:52

Health: -1/35      AC:  2    Str: 18    XL:     4   Next: 89%
Magic:  4/4        EV: 12    Int:  8    God:    Trog [**....]
Gold:   231        SH:  0    Dex: 13    Spells: 0 memorised, 3 levels left

rFire  . . .     SeeInvis .     a - +0 hand axe
rCold  . . .     Gourm    .     b - +0 animal skin
rNeg   . . .     Faith    .     (no shield)
rPois  .         Spirit   .     (no helmet)
rElec  .         Reflect  .     (no cloak)
rCorr  .         Harm     .     (no gloves)
MR     .....                    (no boots)
Stlth  +.........               (no amulet)
                                (no ring)
                                (no ring)

@: exhausted, slowed, very slow
A: talons 1, sturdy frame 1
a: Berserk, Trog's Hand, Burn Spellbooks, Renounce Religion


You were on level 3 of the Dungeon.
You worshipped Trog.
Trog was pleased with you.
You were not hungry.

You visited 1 branch of the dungeon, and saw 3 of its levels.

You collected 231 gold pieces.

Inventory:

Hand Weapons
 a - a +0 hand axe (weapon)
Armour
 b - a +0 animal skin (worn)
Jewellery
 n - an uncursed amulet of rage {unknown}
 r - an uncursed ring of flight {unknown}
 t - an uncursed ring of resist corrosion {unknown}
Scrolls
 d - 3 scrolls of identify {unknown}
 f - 4 scrolls of teleportation {unknown}
 g - 4 scrolls of recharging {unknown}
 h - a scroll of noise {unknown}
 k - 2 scrolls of remove curse {unknown}
 l - a scroll of enchant armour {unknown}
 o - 2 scrolls of fear {unknown}
 u - a scroll of magic mapping {unknown}
 v - a scroll of fog {unknown}
Potions
 e - a potion of berserk rage {unknown}
 j - a potion of beneficial mutation {unknown}
 m - a potion of haste {unknown}
 p - a potion of heal wounds {unknown}
 s - 2 potions of curing
 w - a potion of flight {unknown}
Comestibles
 c - 4 bread rations
 i - 4 fruits
 q - a meat ration


   Skills:
 - Level 3.0 Fighting
 + Level 5.1 Axes
 - Level 1.7 Armour
 - Level 1.7 Dodging


You had 3 spell levels left.
You didn't know any spells.

Dungeon Overview and Level Annotations

Branches:
Dungeon (3/15)

Altars:


Innate Abilities, Weirdness & Mutations

You have sharp toenails.
Your movements are slightly less encumbered by armour. (ER -2)


Message History

Things that are here:
a dagger; a robe; an orc corpse You barely miss the orc.
Your kick misses the orc.
The orc is lightly wounded.
You slash the orc!
You kill the orc!
Trog accepts your kill.
An orc comes into view. It is wielding a flail.
The orc shouts!
Things that are here:
a falchion; an orc corpse You butcher the orc corpse.
You feel a strong urge to attack something.
Things that are here:
a falchion; 3 chunks of flesh; an orc skeleton You feel your anger subside.
You are no longer berserk.
You are exhausted.
You feel yourself slow down. The orc hits you with a flail.
You die...

#.#...# #.# ##..# ##.....##
#.#.### #.# ####...# ##.......##
#....#####.###......###.........#
.............†......(.'.........'
#....#####.........####.........#
#.#.## #....))...# ##.......##
#.### #.#.#.#.### ##.....##
#.##### #.#.#.#.# ##...## #.#...#
#.#.#.#@# ##'##
#.#...####......o# #.#
#.......####.#(#.# #.# #.......#
#.....##### ##.##### #.......#
###.#.....# ##....... ###...###
#.......# #.....### # #...#
#...##..# ##...## # ####.##
#....#..# ##.##### .....#
##...#..######.#....


You could see an orc.

Vanquished Creatures
  An orc wizard (D:3)
  6 adders
  2 oozes
  2 leopard geckos (D:2)
  2 orcs (D:3)
  A giant cockroach (D:1)
  2 goblins (D:1)
  2 hobgoblins
  A quokka (D:3)
  5 bats
  3 frilled lizards
  10 kobolds
  6 rats
  A plant (D:2)
44 creatures vanquished.

Notes
Turn   | Place    | Note
-------+----------+-------------------------------------------
     0 | D:1      | Neder the Demonspawn Berserker began the quest for the Orb.
     0 | D:1      | Reached XP level 1. HP: 18/18 MP: 1/1
   175 | D:1      | Reached skill level 3 in Axes
   289 | D:1      | Gained mutation: You have sharp toenails. [demonic ancestry]
   289 | D:1      | Reached XP level 2. HP: 9/24 MP: 2/2
  1171 | D:2      | Gained mutation: Your movements are slightly less encumbered by armour. (ER -2) [demonic ancestry]
  1171 | D:2      | Reached XP level 3. HP: 19/29 MP: 3/3
  1414 | D:2      | Reached skill level 4 in Axes
  1790 | D:2      | Reached ** piety under Trog
  1993 | D:3      | Reached XP level 4. HP: 14/35 MP: 4/4
  3163 | D:3      | Reached skill level 5 in Axes
  3171 | D:3      | Slain by an orc

Skill      XL: |  1  2  3  4 |
---------------+-------------+-----
Axes           | 3 4 5 |  5.1
Fighting       | |  3.0
Armour         | |  1.7
Dodging        | |  1.7

Action                   |  1- 3 |  4- 6 || total
-------------------------+-------+-------++-------
Melee: Hand axe          |   137 |    31 ||   168
       Kick              |    29 |     7 ||    36
Invok: Berserk           |     1 |     1 ||     2
  Use: Potion            |     1 |       ||     1
 Stab: Sleeping          |     1 |       ||     1
  Eat: Chunk             |     2 |       ||     2
       Royal jelly       |     1 |       ||     1
       Meat ration       |       |     1 ||     1
Armor: Animal skin       |    14 |     3 ||    17
Dodge: Dodged            |    70 |    23 ||    93
